 Dungeon Crawl Stone Soup version 0.25-a0-513-ge77a69270c (webtiles) character file.

Game seed: 13902325131333075310, levelgen mode: deterministic

2401 Error4North the Magician (level 9, -5/69 HPs)
             Began as a Gnoll Skald on Feb 16, 2020.
             Was an Initiate of Nemelex Xobeh.
             Slain by a killer bee (8 damage)
             ... on level 8 of the Dungeon.
             The game lasted 00:40:04 (6668 turns).

Error4North the Magician (Gnoll Skald)              Turns: 6668, Time: 00:40:05

Health: -5/69      AC: 13    Str: 14 (15) XL:     9   Next: 46%
Magic:  18/18      EV: 12    Int: 14 (16) God:    Nemelex Xobeh [......]
Gold:   279        SH:  0    Dex: 14 (16) Spells: 9/21 levels left

rFire    . . .     SeeInvis .   c - +0 spear (vamp)
rCold    . . .     Gourm    .   (no shield)
rNeg     . . .     Faith    .   s - +0 scale mail (curse)
rPois    .         Spirit   .   j - +0 helmet
rElec    .         Reflect  .   n - +2 cloak
rCorr    .         Harm     .   v - +0 pair of gloves
MR       .....                  (no boots)
Stlth    +.........             (no amulet)
HPRegen  0.21/turn              (no ring)
MPRegen  0.16/turn              (no ring)

@: lethally poisoned (-5 -> -13)
A: distributed training, fangs 1, strong nose
a: Draw Escape, Draw Destruction, Draw Summoning, Renounce Religion


You were on level 8 of the Dungeon.
You worshipped Nemelex Xobeh.
Nemelex Xobeh was noncommittal.
You were not hungry.

You visited 2 branches of the dungeon, and saw 9 of its levels.

You collected 369 gold pieces.
You spent 90 gold pieces at shops.

Inventory:

Hand Weapons
 c - a +0 vampiric spear (weapon)
 x - a +1 halberd of flaming
Missiles
 p - 8 boomerangs (quivered)
 u - 8 silver boomerangs
Armour
 g - a +2 ring mail of cold resistance
 h - a +0 pair of gloves
 j - a +0 helmet (worn)
 n - a +2 cloak (worn)
 s - a cursed +0 scale mail (worn)
 v - a +0 pair of gloves (worn)
 y - +0 steam dragon scales
Wands
 A - a wand of polymorph (7)
Scrolls
 b - a scroll of holy word {unknown}
 e - 2 scrolls of remove curse {unknown}
 f - 5 scrolls of identify
 i - 2 scrolls of enchant armour {unknown}
 l - 2 scrolls of teleportation {unknown}
 o - a scroll of enchant weapon {unknown}
 q - 2 scrolls of random uselessness {unknown}
 t - a scroll of brand weapon {unknown}
 w - 4 scrolls of blinking {unknown}
 B - a scroll of acquirement {unknown}
Potions
 a - 2 potions of lignification {unknown}
 m - 2 potions of flight
 z - a potion of agility {unknown}
Comestibles
 d - 12 rations
 C - 2 chunks of flesh


   Skills:
 + Level 6.3 Fighting
 + Level 4.2 Short Blades
 + Level 4.2 Long Blades
 + Level 6.3 Axes
 + Level 4.2 Maces & Flails
 + Level 4.2 Polearms
 + Level 4.2 Staves
 + Level 4.2 Slings
 + Level 4.2 Bows
 + Level 4.2 Crossbows
 + Level 4.2 Throwing
 + Level 5.0 Armour
 + Level 6.3 Dodging
 + Level 4.2 Stealth
 + Level 4.2 Shields
 + Level 4.2 Unarmed Combat
 + Level 6.6 Spellcasting
 + Level 3.4 Conjurations
 + Level 3.4 Hexes
 + Level 6.5 Charms
 + Level 3.4 Summonings
 + Level 3.4 Necromancy
 + Level 3.4 Translocations
 + Level 3.4 Transmutations
 + Level 3.4 Fire Magic
 + Level 3.4 Ice Magic
 + Level 3.4 Air Magic
 + Level 3.4 Earth Magic
 + Level 3.4 Poison Magic
 + Level 4.6 Invocations
 + Level 4.2 Evocations


You had 9 spell levels left.
You knew the following spells:

 Your Spells              Type           Power        Failure   Level  Hunger
a - Infusion              Chrm           ###.         3%          1    None
b - Song of Slaying       Chrm           ###.....     6%          2    #......
c - Shroud of Golubria    Chrm/Tloc      ###...       11%         2    #......
d - Apportation           Tloc           ##....       14%         1    None
e - Corona                Hex            ##.....      14%         1    None
f - Animate Skeleton      Necr           N/A          14%         1    None
g - Ozocubu's Armour      Chrm/Ice       ###.....     22%         3    ##.....
h - Summon Small Mammal   Summ           ##..         14%         1    None

Your spell library contained the following spells:

 Spells                   Type           Power        Failure   Level  Hunger
 Spectral Weapon          Hex/Chrm       ###.....     22%         3    ##.....


Dungeon Overview and Level Annotations

Branches:
Dungeon (8/15)             Temple (1/1) D:7
   Lair: D:8-11

Altars:
Ashenzari
Cheibriados
Dithmenos
Elyvilon
Fedhas
Gozag
Hepliaklqana
Makhleb
Nemelex Xobeh
Qazlal
Sif Muna
Trog
Uskayaw
Vehumet
Wu Jian
Xom
Zin

Shops:
D:5 }%(*:


Innate Abilities, Weirdness & Mutations

Your experience applies equally to all skills.
You have very sharp teeth.
Your uncanny sense of smell can sniff out nearby items.


Message History

The killer bee barely misses you.
Your shroud bends the killer bee's attack away.
You are lethally poisoned (9 -> 0).
You are protected by a distorting shroud.
Your movement speed is average.
Your attack speed is above average.
Your base attributes are Str 15, Int 16, Dex 16.
Unknown command.
It was a potion of cancellation.
Your magical effects are unravelling.
You feel magically purged.
Your shroud unravels.
* * * LOW HITPOINT WARNING * * *
You feel sick.
The killer bee stings you but does no damage. x2
The insubstantial wisp hits you but does no damage.
The killer bee stings you.
* * * LOW HITPOINT WARNING * * *
The killer bee stings you!
You die...
Your body disappears without a glow.

.#.###.###
..........#####
..#.###.......#
#######.#.'.......#
..........#.......#
######.###.......#
#.# ###.##### #v#
#... ∆
.v##########@#
#....
.....[[ooyOyy#
##....
..o########### ....
∆


You could see an ogre, an insubstantial wisp, 3 killer bees and 2 orcs.

Vanquished Creatures
  Joseph (D:7)
  Maggie (D:6)
  A hungry ghost (D:7)
  A water moccasin (D:7)
  An orc warrior (D:7)
  An ogre (D:7)
  2 centaurs
  A big kobold (D:7)
  3 bullfrogs
  3 scorpions (D:7)
  A howler monkey (D:6)
  A bullfrog zombie (D:6)
  2 crimson imps
  A bullfrog skeleton (D:4)
  2 orc wizards
  5 orc priests
  2 hounds
  A centaur skeleton (D:8)
  3 iguanas
  4 worker ants
  A hound zombie (D:7)
  6 adders
  A shadow imp (D:5)
  2 oozes
  A dart slug (D:2)
  7 leopard geckos
  24 orcs
  A ball python (D:1)
  3 giant cockroaches
  4 goblins
  2 hobgoblins (D:1)
  7 jackals
  18 kobolds
  2 quokkas
  4 bats
  2 frilled lizards (D:3)
  2 jackal skeletons
  3 rats
127 creatures vanquished.

Vanquished Creatures (collateral kills)
  2 orcs (D:8)
2 creatures vanquished.

Grand Total: 129 creatures vanquished

Notes
Turn   | Place    | Note
-------+----------+-------------------------------------------
     0 | D:1      | Error4North the Gnoll Skald began the quest for the Orb.
     0 | D:1      | Reached XP level 1. HP: 20/20 MP: 6/6
   203 | D:1      | Reached XP level 2. HP: 26/26 MP: 7/7
   440 | D:1      | Reached XP level 3. HP: 31/31 MP: 9/9
   672 | D:1      | Reached skill level 5 in Spellcasting
   863 | D:2      | Learned a level 2 spell: Song of Slaying
   866 | D:2      | Learned a level 2 spell: Shroud of Golubria
   868 | D:2      | Learned a level 1 spell: Apportation
   870 | D:2      | Learned a level 1 spell: Corona
   872 | D:2      | Learned a level 1 spell: Animate Skeleton
   876 | D:2      | Learned a level 3 spell: Ozocubu's Armour
   878 | D:2      | Learned a level 1 spell: Summon Small Mammal
   958 | D:2      | Reached skill level 1 in Invocations
  1076 | D:2      | You fall into a shaft and drop 1 floor!
  1156 | D:3      | Reached skill level 1 in Short Blades
  1156 | D:3      | Reached skill level 1 in Long Blades
  1156 | D:3      | Reached skill level 1 in Maces & Flails
  1156 | D:3      | Reached skill level 1 in Polearms
  1156 | D:3      | Reached skill level 1 in Staves
  1156 | D:3      | Reached skill level 1 in Slings
  1156 | D:3      | Reached skill level 1 in Bows
  1156 | D:3      | Reached skill level 1 in Crossbows
  1156 | D:3      | Reached skill level 1 in Throwing
  1156 | D:3      | Reached skill level 1 in Stealth
  1156 | D:3      | Reached skill level 1 in Shields
  1156 | D:3      | Reached skill level 1 in Unarmed Combat
  1156 | D:3      | Reached skill level 1 in Evocations
  1256 | D:3      | Reached XP level 4. HP: 36/38 MP: 11/11
  1424 | D:3      | Reached skill level 1 in Conjurations
  1424 | D:3      | Reached skill level 1 in Hexes
  1424 | D:3      | Reached skill level 1 in Summonings
  1424 | D:3      | Reached skill level 1 in Necromancy
  1424 | D:3      | Reached skill level 1 in Translocations
  1424 | D:3      | Reached skill level 1 in Transmutations
  1424 | D:3      | Reached skill level 1 in Fire Magic
  1424 | D:3      | Reached skill level 1 in Ice Magic
  1424 | D:3      | Reached skill level 1 in Air Magic
  1424 | D:3      | Reached skill level 1 in Earth Magic
  1424 | D:3      | Reached skill level 1 in Poison Magic
  1447 | D:3      | Reached XP level 5. HP: 21/43 MP: 10/12
  2057 | D:4      | Found a stormy altar of Qazlal.
  2243 | D:4      | Reached XP level 6. HP: 17/50 MP: 13/13
  2806 | D:4      | Found a shadowy altar of Dithmenos.
  2827 | D:5      | Entered Level 5 of the Dungeon
  2846 | D:5      | Found Kyamum's Assorted Antiques.
  2858 | D:5      | Bought a pair of gloves for 90 gold pieces
  2998 | D:5      | Reached skill level 5 in Fighting
  2998 | D:5      | Reached skill level 5 in Axes
  2998 | D:5      | Reached skill level 5 in Dodging
  3003 | D:5      | Found Xohish's Weapon Shoppe.
  3135 | D:5      | Found Miwezxophewk's Food Emporium.
  3391 | D:5      | Found Xulongyu's Gadget Emporium.
  3542 | D:5      | Found Omorhez's Book Shop.
  4098 | D:6      | Reached XP level 7. HP: 46/56 MP: 15/15
  4442 | D:6      | Noticed Maggie
  4513 | D:6      | Killed Maggie
  4513 | D:6      | Reached XP level 8. HP: 29/63 MP: 16/16
  5007 | D:7      | Found a hide-covered altar of Uskayaw.
  5008 | D:7      | Noticed a +0 dagger
  5008 | D:7      | Noticed a +0 hand axe
  5594 | D:7      | Noticed Joseph
  5626 | D:7      | Killed Joseph
  5626 | D:7      | Reached XP level 9. HP: 35/69 MP: 7/18
  5749 | D:7      | Found a staircase to the Ecumenical Temple.
  5809 | Temple   | Entered the Ecumenical Temple
  5949 | Temple   | Became a worshipper of Nemelex Xobeh the Trickster
  6005 | D:7      | Received a gift from Nemelex Xobeh
  6095 | D:7      | Found a shattered altar of Ashenzari.
  6096 | D:7      | Found a shimmering blue altar of Sif Muna.
  6477 | D:7      | Reached skill level 5 in Armour
  6668 | D:8      | HP: 3/69 [killer bee (5)]
  6668 | D:8      | Slain by a killer bee

Levels and vault maps discovered:
D:1:      roderic_octagonal_star, layout_basic
D:2:      layout_rooms, grunt_temple_overflow_holy_war, lemuel_round_altar,
          old_standard_altar, minivault_27, minmay_tree_intersection
D:3:      layout_basic, first_ration
D:4:      layout_rooms, kennysheep_mini, kennysheep_mini_moat
D:5:      layout_basic, serial_shops, shop_statue, nicolae_shop_trees,
          shop_statue, nicolae_shop_overgrown_old_shop, nicolae_shop_statue_plus
D:6:      layout_rooms, roderic_lattice_a, uniq_maggie
D:7:      layout_loops_ring, dancing_weapons_uskayaw,
          gammafunk_temple_overflow_pools, minmay_temple_entry_proselytizer,
          grunt_ogre_cave, uniq_joseph
D:8:      layout_basic, nicolae_ru_awakened_eye, serial_shops, shop
Temple:   hc_temple_tempest_star

Skill      XL: |  1  2  3  4  5  6  7  8  9 |
---------------+----------------------------+-----
Spellcasting   | 5 6 |  6.6
Invocations    | 1 2 3 4 |  4.6
Short Blades   | 1 2 3 4 |  4.2
Long Blades    | 1 2 3 4 |  4.2
Maces & Flails | 1 2 3 4 |  4.2
Polearms       | 1 2 3 4 |  4.2
Staves         | 1 2 3 4 |  4.2
Slings         | 1 2 3 4 |  4.2
Bows           | 1 2 3 4 |  4.2
Crossbows      | 1 2 3 4 |  4.2
Throwing       | 1 2 3 4 |  4.2
Stealth        | 1 2 3 4 |  4.2
Shields        | 1 2 3 4 |  4.2
Unarmed Combat | 1 2 3 4 |  4.2
Evocations     | 1 2 3 4 |  4.2
Conjurations   | 1 2 3 |  3.4
Hexes          | 1 2 3 |  3.4
Summonings     | 1 2 3 |  3.4
Necromancy     | 1 2 3 |  3.4
Translocations | 1 2 3 |  3.4
Transmutations | 1 2 3 |  3.4
Fire Magic     | 1 2 3 |  3.4
Ice Magic      | 1 2 3 |  3.4
Air Magic      | 1 2 3 |  3.4
Earth Magic    | 1 2 3 |  3.4
Poison Magic   | 1 2 3 |  3.4
Armour         | 3 4 5 |  5.0
Fighting       | 5 6 |  6.3
Axes           | 5 6 |  6.3
Dodging        | 5 6 |  6.3
Charms         | 6 |  6.5

Action                   |  1- 3 |  4- 6 |  7- 9 || total
-------------------------+-------+-------+-------++-------
Melee: Spear             |   138 |   242 |   289 ||   669
       Bite              |    17 |    28 |    45 ||    90
       Punch             |       |     1 |     8 ||     9
       Halberd           |       |       |    99 ||    99
Throw: Boomerang         |       |       |     8 ||     8
 Cast: Song of Slaying   |       |     2 |     5 ||     7
       Infusion          |       |     1 |     1 ||     2
       Shroud of Golubri |       |       |     4 ||     4
       Summon Small Mamm |       |       |     1 ||     1
       Corona            |       |       |     1 ||     1
 Abil: Draw Destruction  |       |       |     4 ||     4
       Draw Summoning    |       |       |     2 ||     2
       Draw Escape       |       |       |     1 ||     1
  Use: Potion            |       |       |    10 ||    10
       Scroll            |       |       |     1 ||     1
 Stab: Sleeping          |       |     1 |     1 ||     2
       Distracted        |       |       |     1 ||     1
  Eat: Chunk             |     1 |     5 |     2 ||     8
       Ration            |       |     1 |     4 ||     5
Armor: Leather armour    |    23 |       |       ||    23
       Ring mail         |    13 |    63 |       ||    76
       Scale mail        |       |    29 |   204 ||   233
Dodge: Dodged            |   103 |   193 |   361 ||   657

Table legend:
 A = Non-vault XP
 B = Vault XP
 C = Vault XP percentage of total XP
 D = Non-vault monster count
 E = Vault monster count
 F = Vault count percentage of total count
                 A         B        C        D         E       F
            +---------+---------+-------+---------+---------+-------
      Total |    2425 |    1006 |  29.3 |     125 |       4 |   3.1
            +---------+---------+-------+---------+---------+-------
        D:1 |      39 |       0 |   0.0 |      20 |       0 |   0.0
        D:2 |      21 |       0 |   0.0 |       8 |       0 |   0.0
        D:3 |     133 |       0 |   0.0 |      20 |       0 |   0.0
        D:4 |     136 |       0 |   0.0 |      10 |       0 |   0.0
        D:5 |     250 |       0 |   0.0 |      16 |       0 |   0.0
        D:6 |     552 |     380 |  40.8 |      15 |       1 |   6.2
        D:7 |    1235 |     626 |  33.6 |      31 |       3 |   8.8
        D:8 |      59 |       0 |   0.0 |       5 |       0 |   0.0
            +---------+---------+-------+---------+---------+-------
